[Event "ICC tourney 2556 (25 5)"]
[Site "Internet Chess Club"]
[Date "2021.05.09"]
[Round "8"]
[White "MA, SEAN:K05-16395728"]
[Black "YIN, HAOXUAN:K05-16009384"]
[Result "0-1"]
[ICCResult "White checkmated"]
[WhiteElo "1446"]
[BlackElo "790"]
[Opening "French: Steinitz variation"]
[ECO "C11"]
[NIC "FR.04"]
[Time "17:30:40"]
[PlyCount "70"]
[TimeControl "1500+5"]

1. e4 e6 2. d4 d5 3. Nc3 Nf6 4. e5 Nfd7 5. Nf3 c5 6. Be3 Nc6 7. Bb5 a6 8.
Bxc6 bxc6 9. dxc5 Nxc5 10. O-O Nd7 11. Qd2 c5 12. Bg5 Qb6 13. a3 h6 14. Bh4
Bb7 15. Qd3 g5 16. Bg3 Be7 17. Rfb1 h5 18. h3 g4 19. hxg4 hxg4 20. Nh2 d4
21. Ne4 c4 22. Qe2 Qc6 23. f3 gxf3 24. Qxf3 Qxe4 25. Qxe4 Bxe4 26. Rc1 Rg8
27. Nf1 Bc5 28. b4 Bb6 29. Kh1 O-O-O 30. a4 Rh8+ 31. Kg1 d3+ 32. Bf2 Rdg8
33. Ng3 Rxg3 34. Kf1 Rh1+ 35. Bg1 Rxg1# { White checkmated } 0-1

[Event "ICC tourney 2556 (25 5)"]
[Site "Internet Chess Club"]
[Date "2021.05.09"]
[Round "8"]
[White "SRIPATHY RAO, ANJANEYA:K05-16442373"]
[Black "RALLABANDI, SAHASRA:K05-16751997"]
[Result "1-0"]
[ICCResult "Black checkmated"]
[WhiteElo "1907"]
[BlackElo "1336"]
[Opening "Giuoco Piano"]
[ECO "C50"]
[NIC "IG.02"]
[Time "17:30:32"]
[PlyCount "95"]
[TimeControl "1500+5"]

1. e4 e5 2. Nf3 Nc6 3. Bc4 Bc5 4. O-O Nf6 5. d3 h6 6. c3 O-O 7. h3 d5 8.
exd5 Nxd5 9. b4 Bb6 10. Qb3 Be6 11. Re1 Qd6 12. Ba3 Qd7 13. Nbd2 Nf4 14.
Bxe6 fxe6 15. b5 Ne7 16. Nxe5 Qd5 17. Qxd5 Nfxd5 18. Ne4 Rad8 19. c4 Nf6
20. Bxe7 Nxe4 21. Rxe4 Bxf2+ 22. Kh1 Bd4 23. Bxf8 Bxa1 24. Be7 Re8 25. Bc5
b6 26. Bd4 Bxd4 27. Rxd4 Rf8 28. Kg1 Rf5 29. Nc6 e5 30. Rd7 Rf7 31. Rxf7
Kxf7 32. Nxe5+ Ke6 33. Nc6 Kf5 34. Kf2 Kf4 35. Nxa7 g5 36. Nc6 g4 37. hxg4
Kxg4 38. c5 bxc5 39. a4 Kf4 40. a5 h5 41. a6 h4 42. a7 Kg4 43. a8=Q h3 44.
gxh3+ Kxh3 45. Qg8 Kh4 46. Qg6 c4 47. dxc4 Kh3 48. Qg3# { Black checkmated
} 1-0

[Event "ICC tourney 2556 (25 5)"]
[Site "Internet Chess Club"]
[Date "2021.05.09"]
[Round "8"]
[White "PARK, JOSHUA:K05-16451732"]
[Black "SWIFT, ANASTASIYA:K05-30125631"]
[Result "1-0"]
[ICCResult "Black checkmated"]
[WhiteElo "376"]
[BlackElo "688"]
[Opening "Queen's pawn game, Chigorin variation"]
[ECO "D02"]
[NIC "QP.08"]
[Time "17:31:12"]
[PlyCount "225"]
[TimeControl "1500+5"]

1. d4 d5 2. Nf3 Nc6 3. Nc3 Nf6 4. Bg5 h6 5. Bxf6 exf6 6. e4 dxe4 7. Nxe4
Bb4+ 8. Nc3 Bxc3+ 9. bxc3 Bg4 10. Bb5 a6 11. Ba4 b5 12. Bb3 Qd6 13. O-O
O-O-O 14. d5 Ne5 15. Qe1 Bxf3 16. Qe3 Bxd5 17. Rad1 Ng4 18. Qh3 Qe6 19.
Bxd5 Rxd5 20. Rxd5 Qxd5 21. Qxg4+ Qe6 22. Qxg7 Re8 23. g3 Qh3 24. Qxf7 Rd8
25. Re1 Rd7 26. Qf8+ Kb7 27. f4 Qf5 28. Kg2 Qxc2+ 29. Kh3 Rd2 30. Qxf6
Rxh2+ 31. Kg4 Qg2 32. Re6 Qh3+ 33. Kf3 Qh5+ 34. Ke3 Qe2+ 35. Kd4 Qd2+ 36.
Ke5 Qe2+ 37. Kd5 Qd2+ 38. Ke5 Qe2+ 39. Kd5 Qd2+ 40. Ke5 Qe2+ 41. Kd5 Qd2+
42. Ke5 Qe2+ 43. Kd5 Qd2+ 44. Ke5 Qe2+ 45. Kd5 Qd2+ 46. Ke5 Qe2+ 47. Kf5
Qd3+ 48. Ke5 Qe3+ 49. Kf5 Qd3+ 50. Ke5 Qe3+ 51. Kf5 Qd3+ 52. Ke5 Qe3+ 53.
Kf5 Qd3+ 54. Ke5 Qe3+ 55. Kf5 Qd3+ 56. Ke5 Qe3+ 57. Kf5 Qd3+ 58. Ke5 Qe3+
59. Kf5 Qd3+ 60. Ke5 Qe3+ 61. Kf5 Qd3+ 62. Ke5 Qe3+ 63. Kf5 Qd3+ 64. Ke5
Qe3+ 65. Kf5 Qd3+ 66. Ke5 Qe3+ 67. Kf5 Qd3+ 68. Ke5 Qe3+ 69. Kf5 Qd3+ 70.
Ke5 Qe3+ 71. Kf5 Qd3+ 72. Ke5 Qe3+ 73. Kf5 Qd3+ 74. Ke5 Qe3+ 75. Kf5 Qd3+
76. Ke5 Qe3+ 77. Kd5 Qd3+ 78. Ke5 Qe3+ 79. Kd5 Qd3+ 80. Ke5 Qxc3+ 81. Kf5
Qxf6+ 82. Rxf6 a5 83. Kg4 b4 84. Re6 a4 85. Re1 Rxa2 86. f5 b3 87. f6 Rd2
88. Rf1 Rd8 89. f7 b2 90. Kh5 a3 91. Rb1 a2 92. Rxb2+ Kc8 93. Rxa2 Rf8 94.
Rf2 c6 95. Kxh6 Kd8 96. g4 c5 97. Kg7 Ke7 98. g5 c4 99. g6 c3 100. Rf1 c2
101. Re1+ Kd8 102. Kxf8 c1=Q 103. Rxc1 Kd7 104. Re1 Kd8 105. g7 Kd7 106.
g8=Q Kd8 107. Kg7+ Kd7 108. Qh7 Kd8 109. Qh2 Kd7 110. Qd2+ Kc8 111. Rc1+
Kb7 112. Qb2+ Ka8 113. Ra1# { Black checkmated } 1-0

[Event "ICC tourney 2556 (25 5)"]
[Site "Internet Chess Club"]
[Date "2021.05.09"]
[Round "8"]
[White "SWEENEY, JACKSON:K05-30028117"]
[Black "ANEJA, SHIVISH:K05-30036465"]
[Result "1/2-1/2"]
[ICCResult "Game drawn because neither player has mating material"]
[WhiteElo "319"]
[BlackElo "674"]
[Opening "Queen's pawn: Charlick (Englund) gambit"]
[ECO "A40"]
[NIC "QO.17"]
[Time "17:53:51"]
[PlyCount "128"]
[TimeControl "1500+5"]

1. d4 e5 2. Nf3 Nc6 3. dxe5 Bc5 4. Bf4 f6 5. exf6 Qxf6 6. Qd2 Qxb2 7. Nc3
Qxa1+ 8. Nd1 Bb4 9. c3 Bxc3 10. Qxc3 Qxc3+ 11. Nxc3 Nb4 12. Nd5 Nxd5 13.
Be5 Nb4 14. Bxg7 Nc2+ 15. Kd1 Nd4 16. Bxd4 Nf6 17. Bxf6 Rf8 18. Bg7 Rf5 19.
Nd4 Rxf2 20. Nb5 Kd8 21. Bh6 Rf6 22. Bg5 Ke7 23. Bxf6+ Kxf6 24. Nxc7 Rb8
25. e4 Ke7 26. Nd5+ Kd6 27. Bc4 Kc5 28. Ne3 Kd4 29. Kd2 b5 30. Bd5 Bb7 31.
Nf5+ Ke5 32. Bxb7 Rxb7 33. Ne7 Kxe4 34. Re1+ Kf4 35. g4 Kxg4 36. Rg1+ Kh3
37. Rh1 Kg2 38. Re1 Kf2 39. Re2+ Kf3 40. h3 Kg3 41. Re3+ Kh4 42. Nf5+ Kg5
43. h4+ Kf4 44. Ng7 d5 45. Ne6+ Kf5 46. Nf8 d4 47. Nxh7 Rxh7 48. Rh3 Kg4
49. Rh1 Rxh4 50. Rxh4+ Kxh4 51. Kd3 a5 52. Kxd4 b4 53. Kc5 Kg4 54. Kb5 Kf4
55. Kxa5 Ke4 56. Kxb4 Kd3 57. a3 Kd4 58. a4 Kd5 59. Kb5 Kd6 60. a5 Kc7 61.
a6 Kb8 62. Kb6 Ka8 63. Kc7 Ka7 64. Kc6 Kxa6 { Game drawn because neither
player has mating material } 1/2-1/2

[Event "ICC tourney 2556 (25 5)"]
[Site "Internet Chess Club"]
[Date "2021.05.09"]
[Round "8"]
[White "B KASHYAP, MAHATI:K05-16792961"]
[Black "BIRD, BRIAN:K05-15768143"]
[Result "0-1"]
[ICCResult "White checkmated"]
[WhiteElo "1033"]
[BlackElo "1530"]
[Opening "Caro-Kann: Tartakower (Nimzovich) variation"]
[ECO "B15"]
[NIC "CK.06"]
[Time "17:30:36"]
[PlyCount "64"]
[TimeControl "1500+5"]

1. e4 c6 2. d4 d5 3. Nc3 dxe4 4. Nxe4 Nf6 5. Nxf6+ exf6 6. Nf3 Bf5 7. c3
Nd7 8. Bf4 g5 9. Bg3 Qe7+ 10. Qe2 h5 11. h3 Nb6 12. O-O-O Qe6 13. Re1 O-O-O
14. Qxe6+ fxe6 15. Nd2 h4 16. Bh2 c5 17. dxc5 Bxc5 18. f3 Nd5 19. Nc4 b5
20. Nd2 Be3 21. Rd1 b4 22. c4 Nc3 23. bxc3 bxc3 24. Be2 cxd2+ 25. Kb2 Rd7
26. Kc3 Rhd8 27. Kb4 Bc2 28. Rxd2 Bxd2+ 29. Kb5 Rb7+ 30. Ka6 e5 31. c5 Rd4
32. c6 Ra4# { White checkmated } 0-1

[Event "ICC tourney 2556 (25 5)"]
[Site "Internet Chess Club"]
[Date "2021.05.09"]
[Round "8"]
[White "BAO, MAXIMILIAN:K05-16427073"]
[Black "SOMARAM, AKANKSHA:K05-17045572"]
[Result "0-1"]
[ICCResult "White checkmated"]
[WhiteElo "778"]
[BlackElo "333"]
[Opening "Ruy Lopez: Caro variation"]
[ECO "C70"]
[NIC "RL.09"]
[Time "17:30:27"]
[PlyCount "42"]
[TimeControl "1500+5"]

1. e4 e5 2. Nf3 Nc6 3. Bb5 a6 4. Ba4 b5 5. Bb3 h6 6. c3 Nf6 7. O-O d5 8.
exd5 Nxd5 9. Re1 Bd6 10. Bxd5 Bd7 11. Qc2 O-O 12. d4 exd4 13. cxd4 Nb4 14.
Qb3 Nxd5 15. Qxd5 Qf6 16. Qb3 Qg6 17. Nc3 Bh3 18. g3 Rae8 19. Rxe8 Rxe8 20.
Bd2 Qd3 21. Ne1 Qf1# { White checkmated } 0-1

[Event "ICC tourney 2556 (25 5)"]
[Site "Internet Chess Club"]
[Date "2021.05.09"]
[Round "8"]
[White "SKANDA, SAURAV:K05-30130797"]
[Black "MAASAI DANIELS, INDIGO:K05-30096534"]
[Result "1-0"]
[ICCResult "Black resigns"]
[WhiteElo "731"]
[BlackElo "1100"]
[Opening "Scandinavian (center counter) defense"]
[ECO "B01"]
[NIC "SD.01"]
[Time "17:31:15"]
[PlyCount "87"]
[TimeControl "1500+5"]

1. e4 d5 2. exd5 Qxd5 3. Nc3 Qa5 4. Nf3 Nf6 5. b3 e6 6. Bb2 Bd6 7. Bc4 O-O
8. O-O c6 9. Re1 Qc7 10. d4 Ng4 11. h3 Nxf2 12. Qe2 Bg3 13. Ne5 Nxh3+ 14.
gxh3 Bxe1 15. Qxe1 Nd7 16. Qg3 Nxe5 17. dxe5 f6 18. Rf1 Qxe5 19. Qxe5 fxe5
20. Rxf8+ Kxf8 21. Kh2 Ke7 22. Kg3 Kf6 23. Ne4+ Kf5 24. Nd6+ Kf6 25. Bd3 g6
26. h4 h5 27. c4 c5 28. Ne4+ Ke7 29. Nxc5 Kd6 30. Ne4+ Kc6 31. Ng5 Kd6 32.
Bxg6 b6 33. Bxh5 Bd7 34. Bf3 Rg8 35. Kg4 e4 36. Bxe4 e5+ 37. Kg3 a5 38. Bd5
Rg7 39. Bc3 Bc8 40. Kf2 Rg6 41. Nf7+ Ke7 42. Bxe5 Be6 43. h5 Rg7 44. Bxg7 {
Black resigns } 1-0

[Event "ICC tourney 2556 (25 5)"]
[Site "Internet Chess Club"]
[Date "2021.05.09"]
[Round "8"]
[White "VARDHAN, SHAIV:K05-16957684"]
[Black "SCOLLON, OWEN:K05-17108421"]
[Result "1/2-1/2"]
[ICCResult "Black stalemated"]
[WhiteElo "1086"]
[BlackElo "1513"]
[Opening "QGD: 4.Bg5 Nbd7"]
[ECO "D51"]
[NIC "QO.16"]
[Time "17:31:03"]
[PlyCount "129"]
[TimeControl "1500+5"]

1. d4 d5 2. c4 e6 3. Nc3 Nf6 4. Bg5 Nbd7 5. Nf3 Bb4 6. e3 h6 7. Bxf6 Nxf6
8. Qa4+ Bd7 9. Qxb4 b6 10. Qb3 c6 11. cxd5 cxd5 12. Bb5 O-O 13. Bxd7 Qxd7
14. O-O Rac8 15. Ne5 Qe7 16. Rac1 Nd7 17. Nxd7 Qxd7 18. Qb5 Qb7 19. Qb3 Rc6
20. Ne2 Rfc8 21. h3 R8c7 22. Rxc6 Rxc6 23. Rc1 Rxc1+ 24. Nxc1 Qc8 25. Ne2
Qa6 26. Nc3 Qc8 27. Qa4 a6 28. Qb3 b5 29. a4 bxa4 30. Qxa4 Qb8 31. Qxa6
Qxb2 32. Qc8+ Kh7 33. Kf1 Qc1+ 34. Ke2 Qc2+ 35. Kf3 Qf5+ 36. Kg3 Qg6+ 37.
Kh2 Qc2 38. f3 Qd2 39. e4 Qxd4 40. exd5 Qe5+ 41. Kg1 Qe1+ 42. Kh2 Qe5+ 43.
g3 exd5 44. Qc5 Qf6 45. Kg2 d4 46. Ne4 Qd8 47. Qd6 Qxd6 48. Nxd6 Kg6 49.
Kf2 f5 50. Ke2 Kf6 51. Kd3 Ke5 52. Nc4+ Kd5 53. Nb6+ Kc6 54. Kxd4 Kxb6 55.
Ke5 Kc6 56. Kxf5 Kd7 57. Kg6 Ke6 58. Kxg7 Kf5 59. Kxh6 Kf6 60. g4 Kf7 61.
f4 Kg8 62. Kg6 Kh8 63. Kf7 Kh7 64. g5 Kh8 65. g6 { Black stalemated }
1/2-1/2

[Event "ICC tourney 2556 (25 5)"]
[Site "Internet Chess Club"]
[Date "2021.05.09"]
[Round "8"]
[White "TANN, KEVIN:K05-16685678"]
[Black "SHELLEY, AKSHAT:K05-16824163"]
[Result "1-0"]
[ICCResult "Black checkmated"]
[WhiteElo "142"]
[BlackElo "846"]
[Opening "Benko's opening"]
[ECO "A00"]
[NIC "VO.09"]
[Time "17:31:20"]
[PlyCount "85"]
[TimeControl "1500+5"]

1. g3 e5 2. Bg2 Nc6 3. b3 Nf6 4. Bb2 d5 5. e3 Bf5 6. d4 e4 7. f4 Qd7 8. Nc3
Bb4 9. Ne2 Na5 10. O-O Bh3 11. Qd2 Qg4 12. Kh1 Bxg2+ 13. Kxg2 Nh5 14. a4
Nc6 15. Qd1 Ne7 16. Nb5 O-O-O 17. Nxa7+ Kb8 18. Nb5 c6 19. Bc3 Bxc3 20.
Nbxc3 Rd6 21. a5 Nf5 22. Qc1 Rg6 23. h3 Nh4+ 24. Kh2 Nf3+ 25. Kg2 Nh4+ 26.
Kf2 Qxh3 27. gxh4 Ng3 28. Rg1 Nxe2 29. Kxe2 Qf3+ 30. Kd2 Qf2+ 31. Ne2 Rg2
32. Rxg2 Qxg2 33. Qg1 Qf3 34. Qxg7 Re8 35. Qxf7 Rc8 36. Qxh7 Rc7 37. Qf5
Rg7 38. Qe5+ Rc7 39. Rg1 Kc8 40. Rg8+ Kd7 41. Rg7+ Kd8 42. Qxc7+ Ke8 43.
Rg8# { Black checkmated } 1-0

[Event "ICC tourney 2556 (25 5)"]
[Site "Internet Chess Club"]
[Date "2021.05.09"]
[Round "8"]
[White "DHURJATI, ANAGHA:K05-17003536"]
[Black "YEHUDAI, SETH:K05-16472744"]
[Result "1-0"]
[ICCResult "Black checkmated"]
[WhiteElo "1269"]
[BlackElo "940"]
[Opening "Scandinavian (center counter) defense"]
[ECO "B01"]
[NIC "SD.01"]
[Time "17:31:02"]
[PlyCount "55"]
[TimeControl "1500+5"]

1. e4 d5 2. exd5 Qxd5 3. Nc3 Qa5 4. Bc4 Nf6 5. Nf3 Bf5 6. O-O e6 7. d4 c6
8. Ne5 Be7 9. Be3 Qc7 10. a3 O-O 11. Bf4 Qd8 12. b4 Nbd7 13. Qe2 Nb6 14.
Bd3 Nbd5 15. Nxd5 cxd5 16. Bxf5 exf5 17. f3 Rc8 18. Qd3 g6 19. c3 Re8 20.
a4 Bd6 21. Rfe1 Qc7 22. Rac1 Qe7 23. Qd2 Rc7 24. Nxg6 Qd8 25. Ne5 Nh5 26.
Bh6 Nf6 27. Qg5+ Kh8 28. Qg7# { Black checkmated } 1-0

[Event "ICC tourney 2556 (25 5)"]
[Site "Internet Chess Club"]
[Date "2021.05.09"]
[Round "8"]
[White "CHANG LIU, NATHAN:K05-16650672"]
[Black "AGNIHOTRI, AADI:K05-16443397"]
[Result "1-0"]
[ICCResult "Black checkmated"]
[WhiteElo "1575"]
[BlackElo "1183"]
[Opening "Caro-Kann defense"]
[ECO "B15"]
[NIC "CK.05"]
[Time "17:31:20"]
[PlyCount "115"]
[TimeControl "1500+5"]

1. e4 c6 2. d4 d5 3. Nc3 dxe4 4. Nxe4 e5 5. dxe5 Qxd1+ 6. Kxd1 Nd7 7. f4 f6
8. e6 Nb6 9. f5 g6 10. g4 Ne7 11. Nxf6+ Kd8 12. Bg5 Kc7 13. Ne8+ Kd8 14.
Nd6 gxf5 15. Nf7+ Ke8 16. Nxh8 Bg7 17. Nf7 Bxe6 18. Nd6+ Kf8 19. gxf5 Nxf5
20. Nxf5 Bxf5 21. Nf3 Na4 22. Rb1 Bxb2 23. Bh6+ Ke8 24. Bd2 Rd8 25. Ke1
Bxc2 26. Rxb2 Nxb2 27. Rg1 Bg6 28. Ne5 Rd6 29. Nxg6 hxg6 30. Bh3 Nc4 31.
Bb4 Rf6 32. Rg4 Re6+ 33. Kf2 Ne5 34. Rg3 Rf6+ 35. Ke2 Nc4 36. Rf3 Rxf3 37.
Kxf3 a5 38. Bc3 b5 39. Bf1 a4 40. Bxc4 bxc4 41. Ke4 Kd7 42. Kd4 Kd6 43.
Kxc4 c5 44. Kb5 Kd5 45. Kxa4 Kc4 46. Bh8 Kd5 47. Kb5 Kd6 48. Kb6 c4 49. a4
Kd5 50. a5 Ke6 51. a6 Kf7 52. a7 Kg8 53. a8=Q+ Kf7 54. Qd5+ Ke7 55. Kc7 g5
56. Qd7+ Kf8 57. Kd8 g4 58. Qg7# { Black checkmated } 1-0

[Event "ICC tourney 2556 (25 5)"]
[Site "Internet Chess Club"]
[Date "2021.05.09"]
[Round "8"]
[White "YUXIN ZHANG, SOPHIA:K05-16473046"]
[Black "WANG, HANBIN:K05-16715670"]
[Result "0-1"]
[ICCResult "White checkmated"]
[WhiteElo "664"]
[BlackElo "1049"]
[Opening "Ruy Lopez: Berlin defense, 4.O-O, d6"]
[ECO "C66"]
[NIC "RL.07"]
[Time "17:31:24"]
[PlyCount "130"]
[TimeControl "1500+5"]

1. e4 e5 2. Nf3 Nc6 3. Bb5 Nf6 4. O-O d6 5. h3 Bd7 6. d3 Be7 7. Nc3 O-O 8.
Bg5 a6 9. Ba4 b5 10. Bb3 h6 11. Bh4 Nh7 12. Bxe7 Qxe7 13. a3 Nf6 14. Qd2
Be6 15. Bxe6 fxe6 16. Qe3 d5 17. exd5 exd5 18. d4 e4 19. Rfe1 Rae8 20. Qf4
Nh5 21. Qg4 Nf6 22. Qg3 Qf7 23. Nh4 Ne7 24. f4 Nh5 25. Qg4 Nf5 26. Nxf5
Qxf5 27. Qxf5 Rxf5 28. g4 Rxf4 29. gxh5 c6 30. Ne2 Rh4 31. Kg2 Rxh5 32. Rf1
Rg5+ 33. Ng3 h5 34. h4 Rg4 35. Kh3 e3 36. Rae1 Rxd4 37. Rf3 Rd2 38. Rfxe3
Rxe3 39. Rxe3 Rxc2 40. Re2 Rxe2 41. Nxe2 Kf7 42. Nd4 c5 43. Nf3 d4 44. Kg3
Ke6 45. Kf2 Kd5 46. Ke2 c4 47. Kd2 Ke4 48. Ne1 d3 49. Ng2 Kf3 50. Ne1+ Kg3
51. Kc3 Kxh4 52. Nf3+ Kg3 53. Ne1 h4 54. b4 h3 55. Kd2 h2 56. Ke3 h1=Q 57.
Kd4 Qxe1 58. Kc5 Qe4 59. Kb6 Qd5 60. Ka5 Qd8+ 61. Kxa6 Qb8 62. Ka5 Kf4 63.
Ka6 d2 64. Ka5 d1=Q 65. Ka6 Qa4# { White checkmated } 0-1

[Event "ICC tourney 2556 (25 5)"]
[Site "Internet Chess Club"]
[Date "2021.05.09"]
[Round "8"]
[White "ZHANG, SARAH:K05-16865540"]
[Black "JOSHI, AARAV:K05-30026655"]
[Result "1-0"]
[ICCResult "Black checkmated"]
[WhiteElo "1087"]
[BlackElo "834"]
[Opening "Sicilian"]
[ECO "B50"]
[NIC "SI.01"]
[Time "17:30:06"]
[PlyCount "159"]
[TimeControl "1500+5"]

1. e4 c5 2. Nf3 d6 3. Nc3 Nf6 4. Bc4 Bg4 5. d3 e6 6. Bf4 Be7 7. h3 Bh5 8.
O-O Nc6 9. a3 Nd4 10. g4 Nxf3+ 11. Qxf3 Bg6 12. Qd1 O-O 13. f3 d5 14. Bb3
Qb6 15. Kh2 Bd6 16. Bxd6 Qxd6+ 17. Kg2 Nd7 18. exd5 exd5 19. Bxd5 Rab8 20.
Be4 f5 21. Bd5+ Kh8 22. Qe1 Nb6 23. Bb3 Bf7 24. Bxf7 Rxf7 25. Rd1 Rf6 26.
Qh4 Rh6 27. Qg5 fxg4 28. fxg4 Qc6+ 29. Kf2 Rxh3 30. Qf5 Rh2+ 31. Ke1 h6 32.
Qf4 Re8+ 33. Ne4 Rh3 34. Kd2 Nd5 35. Qd6 Rh2+ 36. Qxh2 c4 37. Qd6 cxd3 38.
Qxc6 bxc6 39. cxd3 Re6 40. Rde1 Rg6 41. Nf2 Nf4 42. Re4 Nd5 43. Re8+ Kh7
44. Rfe1 Rd6 45. R8e6 Rd7 46. Rxc6 Rf7 47. Rf1 Rf4 48. Rc4 Rf7 49. Rd4 Nf6
50. Rf4 Kg6 51. Ne4 h5 52. gxh5+ Kxh5 53. Nxf6+ gxf6 54. Rxf6 Rg7 55. Rh1+
Kg5 56. Rg1+ Kxf6 57. Rxg7 Kxg7 58. Ke3 Kf6 59. Ke4 Ke6 60. Kd4 Kd6 61. b3
a5 62. b4 axb4 63. axb4 Kc6 64. Ke5 Kb5 65. d4 Kxb4 66. d5 Kc5 67. Ke6 Kb6
68. d6 Kc6 69. Ke7 Kb7 70. d7 Kc7 71. d8=Q+ Kc6 72. Qd6+ Kb5 73. Qd4 Ka5
74. Qc4 Kb6 75. Qd5 Kc7 76. Qd6+ Kb7 77. Kd7 Ka7 78. Qb4 Ka6 79. Kc6 Ka7
80. Qb7# { Black checkmated } 1-0

[Event "ICC tourney 2556 (25 5)"]
[Site "Internet Chess Club"]
[Date "2021.05.09"]
[Round "8"]
[White "SIZOVA, SOPHIA:K05-16858008"]
[Black "ELIZABETH PETER, SARAH:K05-16665770"]
[Result "1/2-1/2"]
[ICCResult "Game drawn by mutual agreement"]
[WhiteElo "657"]
[BlackElo "954"]
[Opening "French defense"]
[ECO "C00"]
[NIC "FR.01"]
[Time "17:30:15"]
[PlyCount "62"]
[TimeControl "1500+5"]

1. e4 e6 2. Nf3 d5 3. exd5 exd5 4. d4 Nf6 5. Nc3 Bd6 6. Bd3 O-O 7. O-O c5
8. dxc5 Bxc5 9. Bf4 Nc6 10. a3 Be6 11. b4 Bb6 12. Na4 Bc7 13. Bxc7 Qxc7 14.
Nc5 Bg4 15. h3 Bh5 16. c4 b6 17. Nb3 Rad8 18. b5 dxc4 19. bxc6 Rxd3 20. Qc2
Rxb3 21. Qxc4 Rb2 22. Rac1 h6 23. Rfd1 Re8 24. Re1 Rxe1+ 25. Rxe1 Bg6 26.
Ne5 Rc2 27. Qb5 Rc5 28. Qe2 Bc2 29. Nd7 Nxd7 30. Qe8+ Kh7 31. cxd7 Rd5 {
Game drawn by mutual agreement } 1/2-1/2

[Event "ICC tourney 2556 (25 5)"]
[Site "Internet Chess Club"]
[Date "2021.05.09"]
[Round "8"]
[White "NEWELL, LOGAN:K05-17048236"]
[Black "REDDY NALAMALPU, ASHIKA:K05-16684895"]
[Result "0-1"]
[ICCResult "White checkmated"]
[WhiteElo "566"]
[BlackElo "885"]
[Opening "Sicilian: Alapin's variation (2.c3)"]
[ECO "B22"]
[NIC "SI.46"]
[Time "17:30:24"]
[PlyCount "74"]
[TimeControl "1500+5"]

1. e4 c5 2. c3 d6 3. d4 cxd4 4. cxd4 d5 5. e5 e6 6. Bb5+ Nc6 7. Ne2 Bb4+ 8.
Nbc3 a6 9. Bxc6+ bxc6 10. a3 Bxc3+ 11. Nxc3 Ne7 12. Qg4 Ng6 13. h4 h5 14.
Qf3 a5 15. g4 hxg4 16. Qxg4 Ba6 17. h5 Bc4 18. hxg6 Rxh1+ 19. Kd2 f5 20.
exf6 Qxf6 21. Qg2 Rh6 22. Ke1 Rxg6 23. Qh2 Kd7 24. Kd2 Qg5+ 25. Kc2 Qg2 26.
Qe5 Qxf2+ 27. Kb1 Qf5+ 28. Qxf5 exf5 29. Bf4 Rg1+ 30. Bc1 Rh8 31. Na4 Kd6
32. Nc5 Rhh1 33. b4 Rxc1+ 34. Kb2 Rxa1 35. Kc3 Rh3+ 36. Kb2 Ra2+ 37. Kb1
Rh1# { White checkmated } 0-1

[Event "ICC tourney 2556 (25 5)"]
[Site "Internet Chess Club"]
[Date "2021.05.09"]
[Round "8"]
[White "YANG, ALEXANDER:K05-16917728"]
[Black "PULIJALA, AKSHAJ:K05-16497860"]
[Result "1-0"]
[ICCResult "Black checkmated"]
[WhiteElo "1834"]
[BlackElo "1455"]
[Opening "King's Indian: Sämisch, orthodox, 7.d5"]
[ECO "E87"]
[NIC "KI.41"]
[Time "17:30:50"]
[PlyCount "63"]
[TimeControl "1500+5"]

1. d4 Nf6 2. c4 g6 3. Nc3 Bg7 4. e4 d6 5. f3 O-O 6. Be3 e5 7. d5 a5 8. Nge2
b6 9. Qd2 Na6 10. g4 Ne8 11. h4 Nc5 12. O-O-O a4 13. h5 Ba6 14. Ng3 Bb7 15.
Qh2 a3 16. b3 Ra7 17. g5 Qa8 18. hxg6 fxg6 19. Qxh7+ Kf7 20. Rh6 Nxb3+ 21.
axb3 a2 22. Kc2 a1=Q 23. Qxg6+ Kg8 24. Rxa1 Rxa1 25. Qe6+ Rf7 26. g6 Ra2+
27. Kd3 Bxd5 28. Nxd5 Qxd5+ 29. Qxd5 Rd2+ 30. Kxd2 Bxh6 31. Qxf7+ Kh8 32.
Qh7# { Black checkmated } 1-0

[Event "ICC tourney 2556 (25 5)"]
[Site "Internet Chess Club"]
[Date "2021.05.09"]
[Round "8"]
[White "CHEN, YEWEI:K05-15857340"]
[Black "MANOHAR YELLEPEDDY, YUVAAN:K05-16384357"]
[Result "1/2-1/2"]
[ICCResult "Game drawn by the 50 move rule"]
[WhiteElo "1051"]
[BlackElo "734"]
[Opening "Giuoco Piano"]
[ECO "C50"]
[NIC "IG.02"]
[Time "17:30:54"]
[PlyCount "316"]
[TimeControl "1500+5"]

1. e4 e5 2. Nf3 Nc6 3. Bc4 Bc5 4. Nc3 d6 5. h3 Nf6 6. d3 h6 7. Be3 Bxe3 8.
fxe3 Na5 9. Bb3 Nxb3 10. axb3 O-O 11. d4 exd4 12. exd4 Nh5 13. O-O Nf4 14.
Qd2 Qf6 15. e5 dxe5 16. dxe5 Qf5 17. Nd4 Nxh3+ 18. gxh3 Qxe5 19. Rae1 Qg3+
20. Qg2 Qxh3 21. Qxh3 Bxh3 22. Rf3 Bg4 23. Rg3 Bd7 24. Re7 Rad8 25. Nd5 Kh7
26. Nxc7 Bc8 27. Nf3 b6 28. Nb5 a6 29. Nc3 Bf5 30. Ne5 Bxc2 31. Nxf7 Bxb3
32. Nxd8 Rxd8 33. Rgxg7+ Kh8 34. Rh7+ Kg8 35. Rxh6 Kf8 36. Re1 Rd2 37. Rxb6
Rxb2 38. Na4 Ra2 39. Rxb3 Rxa4 40. Rf3+ Kg7 41. Re2 Ra1+ 42. Kf2 Ra5 43.
Ke1 Ra1+ 44. Kd2 Ra2+ 45. Ke3 Ra3+ 46. Kd4 Rxf3 47. Ra2 Rf6 48. Kc5 Kf7 49.
Kb4 Ke7 50. Kc5 Kd7 51. Kd5 Rb6 52. Kc5 Kc7 53. Ra5 Kb7 54. Kc4 Kc6 55. Kd4
Kb7 56. Kc5 Ka7 57. Kc4 Kb7 58. Kc5 Kc7 59. Kc4 Kc6 60. Kd4 Rb4+ 61. Kc3
Rb6 62. Kc4 Kb7 63. Kc5 Kc7 64. Kc4 Kc6 65. Kd4 Rb4+ 66. Kc3 Rb6 67. Kc4
Kb7 68. Kc5 Kc7 69. Kc4 Rc6+ 70. Kb4 Kb6 71. Ra4 Rc5 72. Kb3 a5 73. Ka3 Kb5
74. Kb3 Rc6 75. Rd4 Ra6 76. Ra4 Rc6 77. Rd4 Rb6 78. Ra4 Kc5+ 79. Ka3 Kb5
80. Kb3 Rd6 81. Re4 Rd3+ 82. Ka2 a4 83. Re2 Kb4 84. Rb2+ Kc4 85. Rc2+ Kb4
86. Rb2+ Ka5 87. Rc2 a3 88. Rc8 Kb4 89. Rc2 Rf3 90. Re2 Rc3 91. Re4+ Ka5
92. Re5+ Kb4 93. Re4+ Kc5 94. Re5+ Kd4 95. Ra5 Kc4 96. Rxa3 Rc2+ 97. Kb1
Rf2 98. Kc1 Kb4 99. Rd3 Kc4 100. Rh3 Kd4 101. Kd1 Ra2 102. Kc1 Rg2 103. Kd1
Ke4 104. Ke1 Kf4 105. Kf1 Ra2 106. Ke1 Kg4 107. Rb3 Kf4 108. Kd1 Ke4 109.
Kc1 Kd4 110. Kb1 Rh2 111. Kc1 Kc4 112. Re3 Kd4 113. Rg3 Ke4 114. Kd1 Kf4
115. Ra3 Ke4 116. Ke1 Kd4 117. Kf1 Kc4 118. Kg1 Rb2 119. Rh3 Kd4 120. Kf1
Ke4 121. Ke1 Kf4 122. Kd1 Kg4 123. Ra3 Kf4 124. Kc1 Rh2 125. Kd1 Ke4 126.
Ke1 Kd4 127. Kf1 Kc4 128. Kg1 Rb2 129. Kf1 Kb4 130. Rh3 Kc4 131. Ke1 Kd4
132. Kd1 Rb1+ 133. Kc2 Re1 134. Rd3+ Ke4 135. Kd2 Rh1 136. Re3+ Kd4 137.
Rd3+ Ke4 138. Re3+ Kd4 139. Rd3+ Kc4 140. Rc3+ Kb4 141. Rg3 Rh2+ 142. Ke3
Rb2 143. Rg4+ Ka3 144. Kd3 Rb3+ 145. Kc2 Rb2+ 146. Kc1 Rh2 147. Rg1 Kb3
148. Rg3+ Ka2 149. Rg1 Kb3 150. Rg3+ Kc4 151. Rg4+ Kc3 152. Rg1 Ra2 153.
Rg3+ Kd4 154. Rg4+ Kc3 155. Rg3+ Kd4 156. Rg4+ Kc3 157. Rg3+ Kd4 158. Rg4+
Ke3 { Game drawn by the 50 move rule } 1/2-1/2

[Event "ICC tourney 2556 (25 5)"]
[Site "Internet Chess Club"]
[Date "2021.05.09"]
[Round "8"]
[White "OWUSU BOAKYE, KWAME:K05-30105948"]
[Black "KIRILOV SAKALIYSKI, CHRISTOPHER:K05-16115040"]
[Result "0-1"]
[ICCResult "White checkmated"]
[WhiteElo "713"]
[BlackElo "1446"]
[Opening "King's pawn opening"]
[ECO "B07"]
[NIC "VO.17"]
[Time "17:30:22"]
[PlyCount "124"]
[TimeControl "1500+5"]

1. e4 d6 2. d4 g6 3. Nf3 Bg7 4. Bf4 Nf6 5. Nc3 O-O 6. Bc4 Bg4 7. O-O Nc6 8.
Be2 e5 9. dxe5 Bxf3 10. Bxf3 dxe5 11. Bg3 Nh5 12. Bxh5 gxh5 13. Qxh5 Qf6
14. Nd5 Qd6 15. Rad1 Ne7 16. Nxe7+ Qxe7 17. f4 exf4 18. Rxf4 Rad8 19. Rb1
Rd2 20. Rh4 h6 21. Rg4 Qf6 22. Rf1 Qd4+ 23. Kh1 Qc4 24. Re1 Kh8 25. Be5 f6
26. Qg6 Qf7 27. Qxf7 Rxf7 28. Bc3 Rxc2 29. Rf1 Rd7 30. h3 Rd6 31. Rh4 Re6
32. Re1 c5 33. Rd1 b5 34. Rb1 b4 35. Be1 Re2 36. b3 R6xe4 37. Rxe4 Rxe4 38.
Bg3 Bf8 39. Rf1 Kg7 40. Rf2 Kg6 41. Rc2 f5 42. Bb8 a6 43. Ba7 Re5 44. Rd2
Kf7 45. Rf2 Ke6 46. Bb8 Bd6 47. Bxd6 Kxd6 48. Kh2 Kd5 49. Kg3 Kd4 50. Kf4
Re8 51. Rd2+ Kc3 52. Rd5 Rc8 53. Rxf5 Kb2 54. Rf6 Kxa2 55. Rxh6 Kxb3 56.
Rxa6 c4 57. Rb6 c3 58. Ke3 c2 59. Kd2 c1=Q+ 60. Ke2 Qc4+ 61. Kf3 Rf8+ 62.
Kg3 Qf4# { White checkmated } 0-1